 Dungeon Crawl Stone Soup version 0.17-a0-1882-g750edc8 (webtiles) character file.

88 Grim the Changer (level 4, 24/32 HPs)
             Began as a Demonspawn Transmuter on Sept 23, 2015.
             Quit the game on level 2 of the Dungeon.
             The game lasted 00:06:35 (1888 turns).

Grim the Changer (Demonspawn Transmuter)            Turns: 1888, Time: 00:06:35

Health: 24/32      AC:  2    Str: 10    XL:     4   Next: 30%
Magic:  7/7        EV: 12    Int: 14    God:
Gold:   69         SH:  0    Dex: 15    Spells: 1 memorised, 6 levels left

rFire  . . .     SeeInvis .       - Unarmed
rCold  . . .     Clarity  .     b - +0 robe
rNeg   . . .     SustAt   .     (no shield)
rPois  .         Gourm    .     (no helmet)
rElec  .         Spirit   .     (no cloak)
rCorr  .         Warding  .     (no gloves)
rMut   .         Stasis   .     (no boots)
MR     .....                    (no amulet)
Stlth  +.........               (no ring)
                                (no ring)

@: not resistant to hostile enchantments, very unstealthy
A: demonic guardian 1, spiny 1
a: no special abilities


You were on level 2 of the Dungeon.
You were not hungry.

You visited 1 branch of the dungeon, and saw 2 of its levels.

You collected 69 gold pieces.

Inventory:

Missiles
 a - 12 arrows
Armour
 b - a +0 robe (worn)
Scrolls
 e - a scroll of immolation {unknown}
 g - 2 scrolls of identify {unknown}
 h - a scroll of blinking {unknown}
 j - a scroll of magic mapping {unknown}
 k - a scroll of amnesia {unknown}
 n - 2 scrolls of enchant armour {unknown}
 o - 3 scrolls of random uselessness {unknown}
 q - a scroll of remove curse {unknown}
 t - a scroll of teleportation {unknown}
Potions
 f - a potion of degeneration {unknown}
 i - 2 potions of lignification {unknown}
 l - a potion of heal wounds {unknown}
 p - 3 potions of haste {unknown}
 s - a potion of magic {unknown}
 u - a potion of resistance {unknown}
Books
 c - a book of Changes

   Spells                             Type                      Level
   a - Beastly Appendage              Transmutation                1
   b - Sticks to Snakes               Transmutation                2
   c - Spider Form                    Transmutation/Poison         3
   d - Ice Form                       Ice/Transmutation            4
   e - Blade Hands                    Transmutation                5
Comestibles
 d - 3 bread rations
 m - 2 meat rations
 r - 6 chunks of flesh


   Skills:
 - Level 1.0 Fighting
 - Level 1.7 Dodging
 + Level 3.5 Unarmed Combat
 - Level 2.0 Spellcasting
 * Level 3.5 Transmutations


You had 6 spell levels left.
You knew the following spells:

 Your Spells              Type           Power        Failure   Level  Hunger
a - Beastly Appendage     Trmt           ##....       6%          1    ##.....


Dungeon Overview and Level Annotations

Branches:
Dungeon (2/15)

Altars:


Innate Abilities, Weirdness & Mutations

A weak demonic guardian rushes to your aid.
You are partially covered in sharp spines.


Message History

Found a stone staircase leading up.
You see here an adder corpse.
You butcher the adder corpse.
Found a glowing hunting sling.
You see here a bat corpse.
You butcher the bat corpse.
r - 7 chunks of flesh (gained 2)
r - 8 chunks of flesh (gained 1)
Found 12 sling bullets.
t - a scroll labeled RUGHARCHA PINKU Eating one of 8 chunks of flesh.
u - a metallic golden potion You see here 12 sling bullets.
You now have 69 gold pieces (gained 5).
Some of the chunks of flesh in your inventory have rotted away.
You see here a runed short sword.
A kobold comes into view. It is wielding a dagger.
The kobold shouts!
The kobold throws a stone.
The stone hits you.
Are you sure you want to abandon this character and quit the game? (Confirm with "yes".)

# ### #.# ###
#.# ..# ## ##
#.# ..###... ..
#.# ......## #K
#.# ........ #.
##.## ..######
#. ##...## ###
#.######..#..###
#.@.....)###...#
###..(....#..#.#
#.).<.....##.#
#......#####.#
#......# #.#
#.#.##.# #.#
#....#.#####.#
#..#.........#
##...#)#######


You could see a kobold.

Vanquished Creatures
  4 adders (D:2)
  A worm (D:2)
  A giant gecko (D:1)
  3 ball pythons
  8 bats
  4 giant cockroaches
  13 hobgoblins
  4 giant newts
  7 goblins
  A kobold (D:1)
  3 rats (D:1)
49 creatures vanquished.

Notes
Turn   | Place    | Note
--------------------------------------------------------------
     0 | D:1      | Grim the Demonspawn Transmuter began the quest for the Orb.
     0 | D:1      | Reached XP level 1. HP: 15/15 MP: 3/3
   487 | D:1      | Reached skill level 3 in Unarmed Combat
   487 | D:1      | Gained mutation: You are partially covered in sharp spines. [demonic ancestry]
   487 | D:1      | Reached XP level 2. HP: 5/21 MP: 3/5
   959 | D:1      | Gained mutation: A weak demonic guardian rushes to your aid. [demonic ancestry]
   959 | D:1      | Reached XP level 3. HP: 23/26 MP: 4/6
  1579 | D:2      | Reached XP level 4. HP: 22/32 MP: 7/7
  1888 | D:2      | Quit the game

Vault maps used:
D:1:      lemuel_arrival_lava_pool, serial_forest, infiniplex_forest_clump_tiny,
          infiniplex_forest_clump_double, infiniplex_forest_clump_double,
          infiniplex_forest_end_1, infiniplex_forest_lined_2,
          infiniplex_forest_straight_4, st_stairs_3

Action                   |  1- 3 |  4- 6 || total
-------------------------+-------+-------++-------
Melee: Unarmed           |    86 |    15 ||   101
 Cast: Beastly Appendage |    23 |     5 ||    28
  Eat: Chunk             |     2 |     2 ||     4
